 Dungeon Crawl Stone Soup version 0.23.2-1-ga50397a (webtiles) character file.

Game seed: 2209384810542032881

127073 doot the Bludgeoner (level 17, -4/193 HPs)
             Began as an Ogre Berserker on Apr 29, 2019.
             Was the Champion of Trog.
             Killed from afar by a peacekeeper (22 damage)
             ... with a volley of spikes
             ... in the Desolation of Salt on May 3, 2019.
             The game lasted 01:44:33 (32036 turns).

doot the Bludgeoner (Ogre Berserker)               Turns: 32036, Time: 01:44:35

Health: -4/193     AC: 22    Str: 31    XL:     17   Next: 0%
Magic:  17/17      EV: 11    Int: 10    God:    Trog [******]
Gold:   2789       SH:  0    Dex: 11    Spells: 16/16 levels left

rFire    + . .     SeeInvis .   B - +5 giant spiked club of the Valley of Death {crush, *Contam rF+ rN+ MR+}
rCold    . . .     Gourm    .   (shield currently unavailable)
rNeg     + . .     Faith    .   V - +0 shadow dragon scales
rPois    +         Spirit   .   (helmet restricted)
rElec    .         Reflect  .   J - +2 cloak {MR+}
rCorr    .         Harm     .   (gloves unavailable)
MR       +++++                  (boots unavailable)
Stlth    ++++......             K - amulet of regeneration
HPRegen  1.82/turn              p - +6 ring of protection
MPRegen  0.15/turn              P - ring of poison resistance

@: barbed spikes, very slightly contaminated, regenerating, invisible
A: large, unfitting armour, clever 1, strong 2, tough skin 1
a: Berserk, Trog's Hand, Brothers in Arms, Renounce Religion


You were in the Desolation of Salt.
You worshipped Trog.
Trog was exalted by your worship.
You were hungry.

You visited 5 branches of the dungeon, and saw 25 of its levels.
You also visited: Gauntlet, Volcano and Desolation.

You collected 2864 gold pieces.
You spent 75 gold pieces at shops.

Inventory:

Hand Weapons
 B - the +5 giant spiked club of the Valley of Death (weapon) {crush, *Contam rF+ rN+ MR+}
   (Trog gifted it to you on level 11 of the Dungeon)

   It inflicts extra damage upon your enemies.
   It protects you from fire.
   It protects you from negative energy.
   It affects your resistance to hostile enchantments.
   It causes magical contamination when unequipped.
 W - a +2 lajatang of flaming
 X - a +2 executioner's axe of flaming
Missiles
 q - 17 steel javelins
 H - a throwing net
 I - 18 large rocks (quivered)
Armour
 z - a scarf of resistance
 J - a +2 cloak of magic resistance (worn)
 V - +0 shadow dragon scales (worn)
 Y - +0 ice dragon scales
Jewellery
 f - an uncursed ring of fire
 g - a +3 ring of evasion
 p - a +6 ring of protection (left hand)
 r - a +3 ring of protection
 w - an uncursed ring of see invisible
 D - a +4 ring of slaying
 K - an amulet of regeneration (around neck)
 M - an uncursed ring of resist corrosion
 P - a ring of poison resistance (right hand)
 T - an uncursed amulet of guardian spirit
Wands
 u - a wand of flame (34)
 L - a wand of scattershot (7)
 O - a wand of digging (7)
 S - a wand of paralysis (8)
Scrolls
 b - 2 scrolls of fog {unknown}
 h - 7 scrolls of remove curse
 j - 5 scrolls of enchant weapon
 k - 11 scrolls of enchant armour
 l - 4 scrolls of fear
 n - a scroll of blinking
 t - 11 scrolls of teleportation
 v - 2 scrolls of magic mapping
 E - 5 scrolls of immolation
 N - 2 scrolls of holy word {unknown}
 U - 2 scrolls of brand weapon {unknown}
 Z - a scroll of acquirement {unknown}
Potions
 a - 4 potions of cancellation
 d - 3 potions of flight
 e - 2 potions of magic
 i - 11 potions of curing
 m - 9 potions of might
 o - a potion of brilliance
 s - 2 potions of mutation
 x - a potion of haste
 C - 2 potions of berserk rage
 F - 4 potions of agility
 G - 3 potions of lignification
Miscellaneous
 R - 2 sacks of spiders
Comestibles
 c - 45 rations


   Skills:
 + Level 18.0 Fighting
 + Level 19.1 Maces & Flails
 + Level 2.9 Throwing
 + Level 5.0 Armour
 + Level 10.7 Dodging
 + Level 5.5 Stealth
 + Level 0.7 Unarmed Combat


You had 16 spell levels left.
You didn't know any spells.
Your spell library contained the following spells:

 Spells                   Type           Power        Failure   Level  Hunger
 Corona                   Hex            #......      86%         1    ##.....
 Slow                     Hex            #.......     95%         2    ###....
 Ignite Poison            Fire/Tmut/Pois #.......     99%         3    ####...
 Inner Flame              Hex/Fire       #.......     99%         3    ####...
 Portal Projectile        Hex/Tloc       #.....       99%         3    ####...
 Cause Fear               Hex            #.........   100%        4    #####..
 Leda's Liquefaction      Hex/Erth       #.........   100%        4    #####..
 Fireball                 Conj/Fire      #.........   100%        5    ######.
 Bolt of Fire             Conj/Fire      #.........   100%        6    #######
 Ring of Flames           Chrm/Fire      #.........   100%        7    #######
 Ignition                 Fire           #.........   100%        8    #######


Dungeon Overview and Level Annotations

Branches:
Dungeon (15/15)            Temple (0/1) D:4            Lair (6/6) D:10
  Swamp (0/4) Lair:4        Snake (0/4) Lair:3        Slime (0/5) Lair:6
    Orc (2/2) D:12            Elf (1/3) Orc:2        Vaults (0/5) D:14
 Depths (1/5) D:15

Altars:
Dithmenos
Elyvilon
Hepliaklqana
Kikubaaqudgha
Makhleb
Ru
Trog
Xom
Yredelemnul
Zin
The Shining One
Jiyva

Shops:
D:10 *   D:13 =   Orc:2 *:**?   Elf:1 :(

Portals:
Hell: Lair:6


Innate Abilities, Weirdness & Mutations

You are too large for most types of armour.
You have tough skin. (AC +1)
Your mind is acute. (Int +2)
Your muscles are very strong. (Str +4)


Message History

Your deep troll's corpse disappears in a puff of smoke!
The saltling barely misses you.
The peacekeeper roars a battlecry!
The peacekeepers go into a battle-frenzy!
The saltling closely misses you.
The imperial myrmidon hits you with a +0 scimitar!
* * * LOW HITPOINT WARNING * * *
The saltling barely misses you.
The servant of whispers closely misses you.
You are very lightly contaminated with residual magic.
Unknown command.
Your skin crawls.
You feel resistant to hostile enchantments.
You feel somewhat more hungry. The saltling hits you!
* * * LOW HITPOINT WARNING * * *
The saltling hits you but does no damage.
The peacekeeper hurls a volley of spikes at you.
The volley of spikes hits you!!
The barbed spikes become lodged in your body.
You die...

....................... .
)..........##............ .
..................p.8....8.
....................#.....8
................p...#8....
.................8........8
...........................
. ............8.88........8
.. ..........8p@).........p
. ...........888.........#
. ........p8p........(##
...p............##
...............##
.........p.....#
(..............8#
..(..............
.88....##........


You could see 6 servants of whispers, an imperial myrmidon, 3 peacekeepers and 8
saltlings.

Vanquished Creatures
  Kirke (Lair:5)
  Frances (D:14)
  A frost giant (Depths:1)
  2 imperial myrmidons (Desolation)
  An ironheart preserver (D:14)
  2 stone giants
  Nessos (Lair:6)
  Azrael (D:13)
  A minotaur (Gauntlet)
  2 dire elephants
  A halazid warlock (Desolation)
  3 fire dragons
  A yaktaur captain (Depths:1)
  A ragged hierophant (Desolation)
  2 ice dragons (D:15)
  A great orb of eyes (Depths:1)
  Fannar (D:9)
  Harold (D:10)
  4 hydras
  A rakshasa (Depths:1)
  5 servants of whispers (Desolation)
  4 peacekeepers (Desolation)
  7 two-headed ogres
  A dancing weapon (Elf:1)
  2 centaur warriors
  3 tengu warriors
  2 death knights
  A deep troll earth mage (Depths:1)
  A satyr (shapeshifter) (Depths:1)
  A queen ant (D:11)
  An orc high priest (Orc:2)
  A deep troll (Depths:1)
  A wizard (Lair:6)
  An ironbrand convoker (Desolation)
  A phantasmal warrior (D:15)
  A lindwurm (Lair:6)
  An orc knight (Orc:2)
  7 deep elf magi (Elf:1)
  2 oklob plants (D:11)
  A cyclops (Orc:2)
  3 salamanders (Volcano)
  14 elephants
  2 manticores
  6 ugly things
  A centaur zombie (D:15)
  Maurice (D:8)
  Joseph (Lair:1)
  A guardian serpent (Desolation)
  4 black mambas
  A smoke demon (Lair:6)
  A gargoyle (D:11)
  8 spiny frogs
  A minotaur zombie (Gauntlet)
  A centaur skeleton (D:14)
  3 rime drakes (Lair:6)
  2 demonic crawlers (D:15)
  A freezing wraith (D:15)
  A kobold demonologist (D:14)
  5 komodo dragons
  3 ice devils
  6 trolls
  A tengu conjurer (D:14)
  2 red devils (Lair:6)
  A merfolk (D:11)
  3 hornets
  A queen bee (D:11)
  A harpy skeleton (D:14)
  6 slime creatures
  A wolf spider simulacrum (D:14)
  Prince Ribbit (D:8)
  A meliai (shapeshifter) (D:11)
  12 dream sheep (Lair:6)
  26 saltlings (Desolation)
  6 hippogriffs
  21 blink frogs
  3 water elementals
  2 shadows
  31 yaks
  8 fire bats (Volcano)
  A vampire (D:14)
  A fire bat (shapeshifter) (D:11)
  A ynoxinul (Gauntlet)
  Eustachio (D:5)
  11 wyverns
  2 wraiths (D:15)
  4 fire elementals
  A basilisk (D:14)
  7 vampire mosquitoes (D:15)
  Grum (D:11)
  A hungry ghost (D:12)
  5 hogs (Lair:5)
  5 wargs
  20 soldier ants
  An acid dragon (D:14)
  4 hell hounds
  5 porcupines
  18 water moccasins
  3 sky beasts
  2 black bears
  5 phantoms
  3 eyes of draining
  29 orc warriors
  4 ice beasts
  17 wolves
  17 ogres
  14 crocodiles
  2 boggarts (Depths:1)
  17 centaurs
  3 big kobolds
  13 bullfrogs
  A wyvern zombie (D:7)
  2 gnoll sergeants
  A wyvern skeleton (D:14)
  4 scorpions
  13 wights
  34 killer bees
  2 howler monkeys
  5 lava snakes (D:10)
  8 crimson imps
  A bullfrog zombie (D:11)
  2 quasits
  8 orc priests
  2 jellies
  5 hounds
  2 iron imps (Gauntlet)
  22 orc wizards
  5 iguanas
  30 worker ants
  A hound skeleton (D:7)
  A worker ant zombie (D:6)
  18 gnolls
  22 adders
  A howler monkey skeleton (D:7)
  A shadow imp (D:14)
  4 white imps (Gauntlet)
  An ooze (D:5)
  3 adder skeletons
  7 worms
  A dart slug (D:1)
  6 leopard geckos
  63 orcs
  2 ball pythons
  4 giant cockroaches
  5 goblins
  9 hobgoblins
  8 jackals
  4 quokkas
  A ball python skeleton (D:4)
  10 bats
  4 frilled lizards
  14 kobolds
  A quokka zombie (D:7)
  7 rats
  A butterfly (Lair:6)
  A fire vortex (Lair:2)
  A fungus (Lair:6)
  19 plants
851 creatures vanquished.

Vanquished Creatures (collateral kills)
  A stone giant (Depths:1)
  A yaktaur captain (Depths:1)
  A ragged hierophant (Desolation)
  2 ice dragons (Depths:1)
  A great orb of eyes (Depths:1)
  2 centaur warriors
  A dancing weapon (Elf:1)
  A deep troll shaman (Depths:1)
  A deep troll earth mage (Depths:1)
  Sonja (Lair:6)
  A deep elf knight (Elf:1)
  A sun demon (Lair:6)
  A deep troll (Depths:1)
  An orc knight (Orc:2)
  5 deep elf magi (Elf:1)
  An elephant (Gauntlet)
  An ice devil (Lair:6)
  2 tengu conjurers
  A red devil (Lair:6)
  4 saltlings (Desolation)
  3 slime creatures (Depths:1)
  A hungry ghost (D:7)
  5 orc warriors (Orc:2)
  A boggart (Depths:1)
  A centaur (Orc:2)
  An adder (D:6)
  2 river rats (D:6)
  An orc (Orc:2)
45 creatures vanquished.

Vanquished Creatures (others)
  A saltling (Desolation)
  2 wyverns (Volcano)
  A human (Lair:5)
  A porcupine (Lair:5)
  A gnoll (D:9)
  An orc (Orc:2)
  A quokka (D:14)
  9 fungi
  38 plants
55 creatures vanquished.

Grand Total: 951 creatures vanquished

Notes
Turn   | Place    | Note
-------+----------+-------------------------------------------
     0 | D:1      | doot the Ogre Berserker began the quest for the Orb.
     0 | D:1      | Reached XP level 1. HP: 24/24 MP: 1/1
   113 | D:1      | Reached XP level 2. HP: 27/32 MP: 2/2
   141 | D:1      | Reached skill level 3 in Maces & Flails
   273 | D:1      | Reached XP level 3. HP: 19/40 MP: 3/3
   754 | D:1      | Reached ** piety under Trog
  1681 | D:2      | Reached XP level 4. HP: 49/49 MP: 4/4
  2594 | D:3      | Reached skill level 4 in Maces & Flails
  2594 | D:3      | Reached XP level 5. HP: 55/55 MP: 5/5
  2602 | D:3      | Reached *** piety under Trog
  2831 | D:3      | Reached skill level 5 in Fighting
  2877 | D:3      | Reached XP level 6. HP: 46/66 MP: 6/6
  3559 | D:4      | Found a sacrificial altar of Ru.
  3630 | D:4      | Reached skill level 5 in Maces & Flails
  4249 | D:4      | Found a staircase to the Ecumenical Temple.
  4490 | D:5      | Entered Level 5 of the Dungeon
  4490 | D:5      | Noticed an ice beast
  4514 | D:4      | Killed an ice beast
  4514 | D:4      | Reached skill level 1 in Stealth
  4514 | D:4      | Reached XP level 7. HP: 37/74 MP: 7/7
  4870 | D:5      | Noticed Eustachio
  4920 | D:5      | Killed Eustachio
  4920 | D:5      | Reached skill level 6 in Maces & Flails
  5029 | D:5      | Reached XP level 8. HP: 66/84 MP: 8/8
  5050 | D:5      | Reached skill level 7 in Maces & Flails
  5395 | D:5      | Reached **** piety under Trog
  5607 | D:6      | Reached skill level 5 in Dodging
  5830 | D:6      | Found an ancient bone altar of Kikubaaqudgha.
  5911 | D:6      | Reached skill level 8 in Maces & Flails
  5995 | D:6      | Reached XP level 9. HP: 88/93 MP: 9/9
  6567 | D:6      | Reached skill level 9 in Maces & Flails
  7797 | D:6      | Found a glowing golden altar of the Shining One.
  8297 | D:7      | Noticed a hornet
  8304 | D:7      | Paralysed by a hornet for 3 turns
  8318 | D:7      | Killed a hornet
  9249 | D:7      | Reached XP level 10. HP: 106/106 MP: 10/10
  9291 | D:7      | Reached skill level 10 in Maces & Flails
  9890 | D:8      | Received a gift from Trog
 10207 | D:8      | Noticed a two-headed ogre
 10211 | D:8      | Killed a two-headed ogre
 10283 | D:8      | Got a brightly glowing copper ring
 10317 | D:8      | Identified the ring of Rutiber {Str+4 Dex+3 Slay-5 Stlth-}
                  | (You found it on level 8 of the Dungeon)
 10330 | D:8      | Found a hazy altar of Hepliaklqana.
 10330 | D:8      | Noticed Maurice
 10331 | D:8      | Found a glowing silver altar of Zin.
 10363 | D:8      | Killed Maurice
 10425 | D:8      | Noticed Prince Ribbit
 10456 | D:8      | Killed Prince Ribbit
 10739 | D:8      | Found a shimmering altar of Xom.
 11149 | D:9      | Noticed a two-headed ogre
 11153 | D:9      | Killed a two-headed ogre
 11153 | D:9      | Reached skill level 11 in Maces & Flails
 11154 | D:9      | Reached skill level 10 in Fighting
 11342 | D:9      | Noticed a two-headed ogre
 11355 | D:9      | Killed a two-headed ogre
 11355 | D:9      | Reached XP level 11. HP: 96/119 MP: 11/11
 11382 | D:9      | Noticed a two-headed ogre
 11409 | D:9      | Killed a two-headed ogre
 11489 | D:9      | Found a bloodstained altar of Trog.
 11565 | D:9      | Reached skill level 12 in Maces & Flails
 11712 | D:9      | Reached ***** piety under Trog
 11824 | D:10     | Entered Level 10 of the Dungeon
 11824 | D:10     | Noticed Fannar
 11824 | D:10     | Noticed Harold
 11844 | D:10     | Found a staircase to the Lair.
 12098 | D:10     | Received a gift from Trog
 12162 | D:9      | Killed Fannar
 12162 | D:9      | Reached skill level 1 in Armour
 12239 | D:10     | Killed Harold
 12550 | D:10     | Found Paamacota's General Store.
 13010 | D:11     | Noticed a harpy
 13011 | D:11     | Noticed Grum
 13250 | D:11     | Killed Grum
 13411 | D:11     | Reached skill level 13 in Maces & Flails
 13505 | D:11     | Reached XP level 12. HP: 130/130 MP: 12/12
 13534 | D:11     | Noticed a queen ant
 13548 | D:11     | Killed a queen ant
 13549 | D:11     | Received a gift from Trog
 13552 | D:11     | Got a shimmering morningstar {god gift}
 13567 | D:11     | HP: 2/130 [soldier ant (9)]
 13737 | D:11     | Identified the +2 morningstar of Tender Mercy {freeze,
                  | rElec Int+2 Dex-4} (Trog gifted it to you on level 11 of
                  | the Dungeon)
 13969 | D:11     | Found a basalt altar of Yredelemnul.
 15193 | D:11     | Noticed a four-headed hydra
 15203 | D:11     | Killed a four-headed hydra
 15206 | D:11     | HP: 8/198 [cyan ugly thing (12)]
 15207 | D:11     | Reached skill level 14 in Maces & Flails
 15211 | D:11     | HP: 4/133 [poisoned by a meliai]
 15216 | D:11     | HP: 3/133 [poisoned by a meliai]
 15221 | D:11     | HP: 4/133 [poisoned by a meliai]
 15455 | D:11     | Received a gift from Trog
 15466 | D:11     | Got an ivory giant spiked club {god gift}
 15467 | D:11     | Identified the +5 giant spiked club of the Valley of Death
                  | {crush, *Contam rF+ rN+ MR+} (Trog gifted it to you on
                  | level 11 of the Dungeon)
 15919 | D:12     | Noticed a death knight
 16036 | D:12     | Killed a death knight
 16163 | D:12     | Found a staircase to the Orcish Mines.
 16407 | Orc:1    | Entered Level 1 of the Orcish Mines
 16439 | Orc:1    | Reached XP level 13. HP: 141/141 MP: 13/13
 16522 | Orc:1    | Found a dark tunnel.
 16540 | Volcano  | Entered a volcano
 17136 | Volcano  | Noticed a fire dragon
 17157 | Volcano  | Killed a fire dragon
 17433 | Orc:1    | Received a gift from Trog
 17793 | Orc:2    | Entered Level 2 of the Orcish Mines
 18088 | Orc:2    | Reached skill level 15 in Maces & Flails
 18117 | Orc:2    | Found a staircase to the Elven Halls.
 18254 | Orc:2    | HP: 7/144 [orc warrior/bolt (20)]
 18623 | Orc:2    | Found Ufukloschu's Mass Market.
 19573 | Orc:2    | Found Juollevu's General Store.
 19573 | Orc:2    | Found Telecvudaz's General Store.
 19575 | Orc:2    | Found Urphuklep's Magic Scroll Shoppe.
 19577 | Orc:2    | Found Guehua's Book Shop.
 19587 | Orc:2    | Bought a scroll of enchant armour for 75 gold pieces
 19789 | Lair:1   | Entered Level 1 of the Lair of Beasts
 20006 | Lair:1   | Noticed Joseph
 20015 | Lair:1   | Killed Joseph
 20257 | Lair:1   | Received a gift from Trog
 20539 | Lair:2   | Found a gate leading to a gauntlet.
 20551 | Gauntlet | Entered a Gauntlet
 20551 | Gauntlet | Found a transporter.
 20560 | Gauntlet | Found a transporter.
 20562 | Gauntlet | Found a transporter.
 20593 | Gauntlet | Found a transporter.
 20603 | Gauntlet | Found a transporter.
 20608 | Gauntlet | Found a transporter.
 20622 | Gauntlet | Noticed an entropy weaver
 20625 | Gauntlet | Found a transporter.
 20645 | Gauntlet | Found a transporter.
 20653 | Gauntlet | Noticed a dire elephant
 20654 | Gauntlet | Found a transporter.
 20659 | Gauntlet | Found a transporter.
 20676 | Gauntlet | Found a transporter.
 20676 | Gauntlet | Noticed a reaper
 20681 | Gauntlet | Found a transporter.
 20696 | Gauntlet | Found a transporter.
 20701 | Gauntlet | Found a transporter.
 20718 | Gauntlet | Found a transporter.
 20741 | Gauntlet | Found a transporter.
 20761 | Gauntlet | Found a transporter.
 20819 | Gauntlet | Found a transporter.
 20852 | Gauntlet | Gained mutation: Your muscles are strong. (Str +2) [potion
                  | of mutation]
 20852 | Gauntlet | Gained mutation: Your muscles are very strong. (Str +4)
                  | [potion of mutation]
 20852 | Gauntlet | Gained mutation: Your mind is acute. (Int +2) [potion of
                  | mutation]
 20954 | Gauntlet | Killed a dire elephant
 21113 | Gauntlet | Noticed a minotaur
 21123 | Gauntlet | Killed a minotaur
 21468 | Lair:2   | Reached XP level 14. HP: 142/156 MP: 11/14
 22185 | Lair:3   | You fall through a shaft for 3 floors!
 22185 | Lair:6   | Entered Level 6 of the Lair of Beasts
 22207 | Lair:6   | Reached skill level 16 in Maces & Flails
 22256 | Lair:6   | Noticed Nessos
 22284 | Lair:6   | Killed Nessos
 22783 | Lair:6   | Found a staircase to the Slime Pits.
 22796 | Lair:6   | Found a viscous altar of Jiyva.
 23318 | Lair:6   | Reached skill level 15 in Fighting
 23632 | Lair:6   | Noticed a dire elephant
 23640 | Lair:6   | Killed a dire elephant
 23850 | Lair:6   | Noticed Sonja
 23990 | Lair:6   | Killed Sonja
 23998 | Lair:6   | Received a gift from Trog
 24210 | Lair:6   | Got a smoking giant club {god gift}
 24213 | Lair:6   | Found a burning altar of Makhleb.
 24223 | Lair:6   | Found a gateway to Hell.
 24242 | Lair:6   | Reached skill level 1 in Throwing
 24383 | Lair:5   | Noticed Kirke
 24396 | Lair:5   | Killed Kirke
 24806 | Lair:5   | Reached skill level 17 in Maces & Flails
 24811 | Lair:5   | Reached XP level 15. HP: 165/167 MP: 13/15
 25591 | Lair:4   | Identified the +2 giant club of Trog's Fury {drain, Stlth+}
                  | (Trog gifted it to you on level 6 of the Lair of Beasts)
 25767 | Lair:4   | Found a staircase to the Swamp.
 26516 | Lair:3   | Found a staircase to the Snake Pit.
 27247 | D:13     | Found Qucum's Jewellery Shoppe.
 27433 | D:13     | You fall through a shaft!
 27518 | D:14     | Found a gate to the Vaults.
 27521 | D:14     | Received a gift from Trog
 27588 | D:14     | Noticed Frances
 27606 | D:14     | Killed Frances
 28080 | D:14     | Reached skill level 5 in Stealth
 28422 | D:14     | Found a white marble altar of Elyvilon.
 28496 | D:13     | Noticed Azrael
 28511 | D:13     | Killed Azrael
 28518 | D:13     | Reached skill level 10 in Dodging
 28904 | D:13     | You fall through a shaft for 2 floors!
 28904 | D:15     | Entered Level 15 of the Dungeon
 28904 | D:15     | Found a shadowy altar of Dithmenos.
 29173 | D:15     | Received a gift from Trog
 29175 | D:15     | Reached skill level 18 in Maces & Flails
 29945 | D:15     | Found a staircase to the Depths.
 29983 | Depths:1 | Entered Level 1 of the Depths
 30015 | Depths:1 | Reached XP level 16. HP: 130/182 MP: 11/16
 30073 | Depths:1 | Received a gift from Trog
 30089 | Depths:1 | HP: 2/183 [deep troll (11)]
 31105 | Elf:1    | Entered Level 1 of the Elven Halls
 31247 | Elf:1    | Found Jufonimy's Antique Weapon Shop.
 31256 | Elf:1    | Found Lang's Book Shoppe.
 31296 | Elf:1    | Found a ruined gateway.
 31313 | Desolati | Entered the Desolation of Salt
 31415 | Desolati | Reached ****** piety under Trog
 31424 | Desolati | Identified the ring of the Elephant {+Fly rElec rF+ MR+}
 31700 | Desolati | Reached skill level 19 in Maces & Flails
 32008 | Desolati | Identified the ring of Qukhlicee {rElec rF+ MR+ Str+4
                  | Int-5}
 32010 | Desolati | Received a gift from Trog
 32027 | Desolati | Reached skill level 5 in Armour
 32034 | Desolati | Reached XP level 17. HP: 72/193 MP: 17/17
 32036 | Desolati | Killed from afar by a peacekeeper

Skill      XL: |  1  2  3  4  5  6  7  8  9 10 11 12 13 14 15 16 |
---------------+-------------------------------------------------+-----
Maces & Flails | 3 4 5 6 8 9 11 13 14 15 17 18 19 | 19.1
Dodging        | 3 4 5 6 7 8 9 10 | 10.7
Fighting       | 5 6 7 8 10 11 12 14 15 16 18 | 18.0
Stealth        | 1 2 3 4 5 |  5.5
Armour         | 1 2 3 4 5 |  5.0
Throwing       | 1 2 |  2.9
Unarmed Combat | |  0.7

Action                   |  1- 3 |  4- 6 |  7- 9 | 10-12 | 13-15 | 16-18 || total
-------------------------+-------+-------+-------+-------+-------+-------++-------
Melee: Mace              |   155 |   141 |       |       |       |       ||   296
       Giant club        |       |    27 |   127 |       |       |       ||   154
       Giant spiked club |       |       |   253 |   857 |  1023 |   215 ||  2348
       Unarmed           |       |       |       |     7 |       |       ||     7
Throw: Throwing net      |       |       |       |     1 |     3 |       ||     4
       Javelin           |       |       |       |       |    14 |       ||    14
       Large rock        |       |       |       |       |    12 |    16 ||    28
Invok: Berserk           |       |     4 |    13 |    13 |     4 |       ||    34
       Brothers in Arms  |       |       |     2 |       |     6 |     4 ||    12
       Trog's Hand       |       |       |     1 |     1 |     2 |     1 ||     5
  Use: Scroll            |       |       |       |     3 |    27 |     2 ||    32
       Potion            |       |       |       |     1 |     4 |     4 ||     9
 Stab: Sleeping          |       |       |     1 |     4 |    11 |     3 ||    19
       Distracted        |       |       |       |     1 |     1 |     1 ||     3
       Held in net/web   |       |       |       |       |     2 |       ||     2
  Eat: Chunk             |     2 |    10 |    24 |    36 |    37 |     4 ||   113
       Ration            |       |     1 |     7 |     1 |     4 |     1 ||    14
Armor: Animal skin       |    57 |    73 |   239 |    51 |       |       ||   420
       Skin              |       |       |       |     4 |     4 |       ||     8
       Troll leather arm |       |       |       |   409 |   453 |    48 ||   910
       Shadow dragon sca |       |       |       |       |       |    47 ||    47
Dodge: Dodged            |    95 |   112 |   279 |   669 |   842 |   143 ||  2140
